 Seeded DCSS version 0.29-a0-384-g6960b1960d (webtiles) character file.

Game seed: 12345678901234567890 (custom seed)

226 Psyclone the Chiller (level 6, 36/36 HPs)
             Began as an Octopode Ice Elementalist on May 8, 2022.
             Quit the game on level 3 of the Dungeon.
             The game lasted 00:04:35 (2764 turns).

Psyclone the Chiller (Octopode Ice Elementalist)    Turns: 2764, Time: 00:04:35

Health: 36/36      AC:  1    Str:  7    XL:     6   Next: 1%
Magic:  9/9        EV: 13    Int: 19    God:
Gold:   98         SH:  0    Dex: 15    Spells: 5/9 levels left

rFire   . . .      SeeInvis .   a - +2 dagger (pain)
rCold   . . .      Faith    .   (no shield)
rNeg    . . .      Spirit   .   (helmet restricted)
rPois   .          Reflect  .   (no amulet)
rElec   .          Harm     .   (no ring)
rCorr   .          Rampage  .   (no ring)
Will    .....                   (no ring)
Stlth   +++.......              (no ring)
HPRegen 0.12/turn               (no ring)
MPRegen 0.11/turn               (no ring)
                                (no ring)
                                (no ring)

@: hasted, very quick
A: almost no armour, amphibious, 8 rings, camouflage 1, gelatinous body 1,
(nimble swimmer 1), tentacles, agile 1, inhibited regeneration
a: no special abilities


You were on level 3 of the Dungeon.
You visited 1 branch of the dungeon, and saw 3 of its levels.

You collected 98 gold pieces.

Inventory:

Hand Weapons
 a - a +2 dagger of pain (weapon)
Wands
 f - a wand of flame (14)
Scrolls
 h - a scroll of amnesia
Potions
 b - a potion of magic
 c - a potion of flight
 g - a potion of lignification
 i - a potion of ambrosia


   Skills:
 - Level 2.0 Dodging
 - Level 2.6 Stealth
 - Level 2.0 Spellcasting
 + Level 7.0 Ice Magic


You had 5 spell levels left.
You knew the following spells:

 Your Spells              Type           Power      Damage    Failure   Level
a - Freeze                Ice            100%       1d11      1%          1
b - Frozen Ramparts       Ice            56%        1d7       2%          3

Your spell library contained the following spells:

 Spells                   Type           Power      Damage    Failure   Level
 Ozocubu's Armour         Ice            28%        N/A       2%          3
 Hailstorm                Conj/Ice       15%        3d5       36%         4


Dungeon Overview and Level Annotations

Branches:
Dungeon (3/15)

Altars:
Wu Jian


Innate Abilities, Weirdness & Mutations

You cannot wear most types of armour.
You are amphibious.
You can wear up to eight rings at the same time.
Your skin changes colour to match your surroundings (Stealth+).
Your rubbery body absorbs attacks. (AC +1, EV +1)
((You are camouflaged when in or above water. (Stealth+)))
You have tentacles for arms and can constrict up to eight enemies at once.
You are agile. (Dex +2)
You do not regenerate when monsters are visible.


Message History

You now have 54/54 hp.
It was a potion of ambrosia.
You are confused.
You feel invigorated.
You start waiting.
You feel less invigorated.
You feel less confused.
You start waiting.
Your transformation is almost over.
HP restored.
You feel less wooden.
You now have 36/36 hp.
You start waiting.
Done waiting.
You start waiting.
Done waiting.
(D) Dungeon
Where to? (Enter - D:2, ? - help)
There is an open door here.
There is a large open door here.
There is a stone staircase leading down here.
You climb downwards.
Found 22 stones.
There is a stone staircase leading up here.
Found an ornate altar of the Wu Jian Council.
d - a red potion
e - a fuming clear potion An orc and a bat come into view.
The helpless bat fails to defend itself.
You puncture the bat!
You kill the bat!
The helpless orc fails to defend itself.
You puncture the orc!
You kill the orc!
Things that are here:
a +0 short sword; a +0 leather armour; an orc corpse It was a potion of curing.
You feel better.
It was a potion of haste.
You feel yourself speed up.
Okay, then.
Are you sure you want to abandon this character and quit the game? (Confirm with "yes".)

#(# #.# ### #####
#.# +.#
......#.### #.#
### #...<..# ...
..# #.##.#.## #.#
#.# #....#... #.#
#.# #..#+####
#@###.# #........
#.....####........
+.................
######.......≈≈≈≈≈
#.###...≈....
#.###.#.≈.###
#.....#.≈....
#######.≈.#._
...≈.#..


There were no monsters in sight!

Vanquished Creatures
  Sigmund (D:2)
  2 adders (D:2)
  An orc (D:3)
  3 endoplasms (D:1)
  3 giant cockroaches (D:1)
  3 goblins (D:1)
  4 hobgoblins
  6 quokkas
  5 ball pythons
  8 bats
  7 kobolds
  5 rats
48 creatures vanquished.

Notes
Turn   | Place    | Note
-------+----------+-------------------------------------------
     0 | D:1      | Psyclone the Octopode Ice Elementalist began the quest for
                  | the Orb.
     0 | D:1      | Reached XP level 1. HP: 11/11 MP: 3/3
   419 | D:1      | Reached XP level 2. HP: 16/17 MP: 3/5
  1167 | D:1      | Reached XP level 3. HP: 15/21 MP: 6/6
  1454 | D:1      | Reached skill level 5 in Ice Magic
  1694 | D:2      | Noticed Sigmund
  1715 | D:2      | Learned a level 3 spell: Frozen Ramparts
  1742 | D:2      | Killed Sigmund
  1743 | D:2      | Reached skill level 6 in Ice Magic
  1743 | D:2      | Reached XP level 4. HP: 7/27 MP: 1/7
  1743 | D:2      | Reached XP level 5. HP: 8/31 MP: 1/8
  2253 | D:2      | Reached skill level 7 in Ice Magic
  2424 | D:2      | Reached XP level 6. HP: 36/36 MP: 9/9
  2440 | D:2      | Gained mutation: You tend to lose your temper in combat.
                  | [potion of mutation]
  2440 | D:2      | Gained mutation: You do not regenerate when monsters are
                  | visible. [potion of mutation]
  2440 | D:2      | Lost mutation: You tend to lose your temper in combat.
                  | [potion of mutation]
  2440 | D:2      | Gained mutation: You are agile. (Dex +2) [potion of
                  | mutation]
  2718 | D:3      | Found an ornate altar of the Wu Jian Council.
  2764 | D:3      | Quit the game

Illustrated notes

Levels and vault maps discovered:
D:1:      ebering_trefoil_twist, layout_loops_ring
D:2:      layout_basic, minmay_misc_feat_pillars, uniq_sigmund
D:3:      layout_basic, mainiacjoe_overflow_brackets, lemuel_crystal_altar,
          shapermc_ecumenical_altar_gd, uniq_grinder

Skill      XL: |  1  2  3  4  5 |
---------------+----------------+-----
Ice Magic      | 6 7 |  7.0
Dodging        | |  2.0
Stealth        | |  2.6
Spellcasting   | |  2.0

Action                   |  1- 3 |  4- 6 || total
-------------------------+-------+-------++-------
Melee: Dagger            |    40 |    16 ||    56
       Unarmed           |     2 |       ||     2
       Tentacles         |     8 |     3 ||    11
       Constrict         |     8 |     3 ||    11
 Cast: Freeze            |    16 |       ||    16
       Frozen Ramparts   |     2 |     2 ||     4
  Use: Potion            |     2 |     6 ||     8
       Scroll            |     1 |     1 ||     2
 Stab: Sleeping          |     8 |     6 ||    14
Armor: Skin              |     7 |     2 ||     9
Dodge: Dodged            |    32 |    12 ||    44

Table legend: (Time is in decaauts)
 A = Elapsed time spent in this place.
 B = Non-inter-level travel time spent in this place.
 C = Inter-level travel time spent in this place.
 D = Time resting spent in this place.
 E = Time spent auto-exploring this place.
 F = Levels seen in this place.
 G = Mean time per level.
                   A        B        C        D        E       F      G
               +--------+--------+--------+--------+--------+-----+--------+
         Total |   2762 |   2713 |     49 |    792 |   1539 |   3 |  920.7 |
       Dungeon |   2762 |   2713 |     49 |    792 |   1539 |   3 |  920.7 |
               +--------+--------+--------+--------+--------+-----+--------+

Top non-repeatable levels by time:
     D:1: 1533 daAuts
     D:2: 1172 daAuts
     D:3: 56 daAuts
